 Dungeon Crawl Stone Soup version 0.28-a0-664-gc179e30c89 (webtiles) character file.

Game seed: 7256444917507389439

13 tilp the Magician (level 2, -5/20 HPs)
             Began as a Gnoll Hedge Wizard on Oct 15, 2021.
             Slain by a worm (9 damage)
             ... on level 2 of the Dungeon.
             The game lasted 00:00:58 (1118 turns).

tilp the Magician (Gnoll Hedge Wizard)              Turns: 1118, Time: 00:00:59

Health: -5/20      AC:  2    Str:  9    XL:     2   Next: 37%
Magic:  10/10      EV: 13    Int: 13    God:
Gold:   43         SH:  0    Dex: 11    Spells: 14/15 levels left

rFire   . . .      SeeInvis .   a - +0 hand axe (elec)
rCold   . . .      Faith    .   (no shield)
rNeg    . . .      Spirit   .   e - +0 robe
rPois   .          Reflect  .   c - +0 hat
rElec   .          Harm     .   (no cloak)
rCorr   .          Rampage  .   (no gloves)
Will    .....                   (no boots)
Stlth   ++........              (no amulet)
HPRegen 0.06/turn               (no ring)
MPRegen 0.12/turn               (no ring)

@: no status effects
A: fangs 1, strong nose, distributed training
a: no special abilities


You were on level 2 of the Dungeon.
You visited 1 branch of the dungeon, and saw 2 of its levels.

You collected 43 gold pieces.

Inventory:

Hand Weapons
 a - a +0 hand axe of electrocution (weapon)
 b - a +0 dagger
Missiles
 l - 22 stones
Armour
 c - a +0 hat (worn)
 e - a +0 robe (worn)
Potions
 d - 2 potions of curing {unknown}
 f - 2 potions of heal wounds {unknown}
 i - a potion of degeneration {unknown}
 k - a potion of brilliance {unknown}


   Skills:
 + Level 0.4 Fighting
 + Level 0.4 Short Blades
 + Level 0.4 Long Blades
 + Level 0.4 Axes
 + Level 0.4 Maces & Flails
 + Level 0.4 Polearms
 + Level 0.4 Staves
 + Level 0.4 Slings
 + Level 0.4 Bows
 + Level 0.4 Crossbows
 + Level 0.4 Throwing
 + Level 0.4 Armour
 + Level 4.5 Dodging
 + Level 4.1 Stealth
 + Level 0.4 Shields
 + Level 0.4 Unarmed Combat
 + Level 7.1 Spellcasting
 + Level 2.0 Conjurations
 + Level 0.2 Hexes
 + Level 2.0 Summonings
 + Level 0.2 Necromancy
 + Level 2.0 Translocations
 + Level 0.2 Transmutations
 + Level 0.2 Fire Magic
 + Level 0.2 Ice Magic
 + Level 0.2 Air Magic
 + Level 0.2 Earth Magic
 + Level 0.2 Poison Magic
 + Level 0.5 Invocations
 + Level 0.4 Evocations


You had 14 spell levels left.
You knew the following spells:

 Your Spells              Type           Power      Damage    Failure   Level
a - Magic Dart            Conj           36%        1d4       6%          1

Your spell library contained the following spells:

 Spells                   Type           Power      Damage    Failure   Level
 Blink                    Tloc           N/A        N/A       10%         2
 Call Imp                 Summ           9%         N/A       10%         2
 Slow                     Hex            5%         N/A       21%         2
 Conjure Flame            Conj/Fire      7%         6-21      28%         3
 Mephitic Cloud           Conj/Pois/Air  6%         N/A       32%         3


Dungeon Overview and Level Annotations

Branches:
Dungeon (2/15)

Altars:


Innate Abilities, Weirdness & Mutations

You have very sharp teeth.
Your uncanny sense of smell can sniff out nearby items.
Your experience applies equally to all skills.


Message History

The dart slug is almost dead.
The dart slug launches a dart at you. The slug dart hits you.
You hit the dart slug.
You kill the dart slug!
Unknown command.
You hit the worm.
The worm is moderately wounded.
The worm barely misses you.
Unknown command.
You hit the worm.
The worm is heavily wounded.
The worm bites you but does no damage.
Unknown command.
You hit the worm.
The worm is severely wounded.
The worm closely misses you.
Unknown command.
You hit the worm.
The worm is severely wounded.
Unknown command.
You hit the worm.
The worm is almost dead.
The worm bites you.
Unknown command.
You are too injured to fight recklessly!
You are too injured to fight recklessly!
Unknown command.
You are too injured to fight recklessly!
Unknown command.
You are too injured to fight recklessly!
You hit the worm but do no damage.
The worm is almost dead.
The worm bites you!
* * * LOW HITPOINT WARNING * * *
Unknown command.
You barely miss the worm.
The worm is almost dead.
The worm bites you!
You die...

.......#
.......# .
#...... ..
#.g...
...###....
$.....?# #
#.#...#.#
#...<...#
###.@w###
#..$.....#
...........#
####.......##
#...?...#
#.......#
#.......#
#.......#


You could see a worm and a goblin.

Vanquished Creatures
  A dart slug (D:2)
  A ball python (D:1)
  A giant cockroach (D:1)
  A goblin (D:1)
  2 jackals (D:1)
  2 frilled lizards (D:1)
  A kobold (D:1)
  2 rats (D:1)
11 creatures vanquished.

Notes
Turn   | Place    | Note
-------+----------+-------------------------------------------
     0 | D:1      | tilp the Gnoll Hedge Wizard began the quest for the Orb.
     0 | D:1      | Reached XP level 1. HP: 13/13 MP: 8/8
   551 | D:1      | Reached XP level 2. HP: 19/19 MP: 10/10
  1118 | D:2      | Slain by a worm

Illustrated notes

Levels and vault maps discovered:
D:1:      psy_arrival_terrarium, layout_loops_ring, hangedman_decor_points,
          roderic_lattice_a
D:2:      layout_loops_cross

Skill      XL: |  1 |
---------------+----+-----
Conjurations   | 2 |  2.0
Summonings     | 2 |  2.0
Translocations | 2 |  2.0
Fighting       | |  0.4
Short Blades   | |  0.4
Long Blades    | |  0.4
Axes           | |  0.4
Maces & Flails | |  0.4
Polearms       | |  0.4
Staves         | |  0.4
Slings         | |  0.4
Bows           | |  0.4
Crossbows      | |  0.4
Throwing       | |  0.4
Armour         | |  0.4
Dodging        | |  4.5
Stealth        | |  4.1
Shields        | |  0.4
Unarmed Combat | |  0.4
Spellcasting   | |  7.1
Hexes          | |  0.2
Necromancy     | |  0.2
Transmutations | |  0.2
Fire Magic     | |  0.2
Ice Magic      | |  0.2
Air Magic      | |  0.2
Earth Magic    | |  0.2
Poison Magic   | |  0.2
Invocations    | |  0.5
Evocations     | |  0.4

Action                   || total
-------------------------++-------
Melee: Hand axe          ||    36
       Dagger            ||    14
       Bite              ||     6
  Use: Scroll            ||     3
 Stab: Sleeping          ||     3
Armor: Robe              ||    10
Dodge: Dodged            ||    47

Table legend: (Time is in decaauts)
 A = Elapsed time spent in this place.
 B = Non-inter-level travel time spent in this place.
 C = Inter-level travel time spent in this place.
 D = Time resting spent in this place.
 E = Time spent auto-exploring this place.
 F = Levels seen in this place.
 G = Mean time per level.
                   A        B        C        D        E       F      G
               +--------+--------+--------+--------+--------+-----+--------+
         Total |   1127 |   1058 |     69 |      4 |    951 |   2 |  563.5 |
       Dungeon |   1127 |   1058 |     69 |      4 |    951 |   2 |  563.5 |
               +--------+--------+--------+--------+--------+-----+--------+

Top non-repeatable levels by time:
     D:1: 1112 daAuts
     D:2: 14 daAuts
